 Dungeon Sprint DCSS version 0.18.1-50-g88ac8fd (webtiles) character file.

448 Kagutsuchi the Fighter (level 6, -14/66 HPs)
             Began as a Draconian Berserker on Oct 21, 2016.
             Was a Priest of Trog.
             Demolished by Menkaure (19 damage)
             ... in the Dungeon (Sprint II: "The Violet Keep of Menkaure").
             The game lasted 00:01:23 (114 turns).

Kagutsuchi the Fighter (Draconian Berserker)         Turns: 114, Time: 00:01:23

Health: -14/66     AC:  6    Str: 20    XL:     6   Next: 73%
Magic:  6/6        EV: 16    Int:  5    God:    Trog [***...]
Gold:   266        SH:  0    Dex: 12    Spells: 0 memorised, 5 levels left

rFire  . . .     SeeInvis .     a - +0 falchion
rCold  . . .     Gourm    .     (armour unavailable)
rNeg   . . .     Faith    .     (no shield)
rPois  .         Spirit   .     (helmet restricted)
rElec  .         Dismiss  .     (no cloak)
rCorr  .         Reflect  .     (no gloves)
SustAt .         Harm     .     (no boots)
MR     .....     NoTele   +     (no amulet)
Stlth  +.........               (no ring)
                                (no ring)

@: not resistant to hostile enchantments, very unstealthy
A: unfitting armour, horns 1, blurry vision 1, dopey 1, cold-blooded, AC +6
a: Berserk, Trog's Hand, Burn Spellbooks, Renounce Religion


You were in the Dungeon.
You worshipped Trog.
Trog was most pleased with you.
You were not hungry.

You visited 1 branch You collected 729 gold pieces.
You spent 463 gold pieces at shops.

Inventory:

Hand Weapons
 a - a +0 falchion (weapon)
Scrolls
 h - a scroll of blinking
Potions
 c - 4 potions of curing
 d - 2 potions of heal wounds
 e - a potion of haste
 f - 2 potions of magic
 g - a potion of berserk rage
 i - a potion of resistance
 j - a potion of mutation
Comestibles
 b - a bread ration


   Skills:
 + Level 9.7 Fighting
 + Level 9.0 Long Blades
 + Level 8.1 Dodging


You had 5 spell levels left.
You didn't know any spells.

Dungeon Overview and Level Annotations

Branches:
Dungeon (1/1)

Altars:

Shops:
D :?!(((!(=[}%:*[=

Annotations:
D exclusion: oklob plant, Menkaure


Innate Abilities, Weirdness & Mutations

Your plain brown scales are hard (AC +6).
Your body does not fit into most forms of armour.
You are cold-blooded and may be slowed by cold attacks.
You have a pair of small horns on your head.
Scrolls take you a little longer to read.
You are dopey. (Int -2)


Message History

i - a potion of resistance;
c - 2 potions of curing (gained 1)
c - 3 potions of curing (gained 1);
c - 5 potions of curing (gained 2)
j - 2 potions of mutation Thank you for shopping at Qiaxusaf's Distillery!
Drink which item? (? for menu, Esc to quit)
You feel extremely strange.
Your vision blurs.
A pair of horns grows on your head!
You feel stupid.
Drink which item? (? for menu, Esc to quit)
You feel better.
Menkaure points at you and mumbles some strange words.
Pain shoots through your body!
* * * LOW HITPOINT WARNING * * *
There is an entrance to Poamirch's Assorted Antiques here.
Menkaure gestures at you while chanting.
Pain shoots through your body!
* * * LOW HITPOINT WARNING * * *
Menkaure completely misses you.
The soldier ant waves its antennae.
Menkaure hits you!!
You die...

## ≈## ############≈≈#++
###########≈≈≈...
##.....∩.∩#≈≈≈≈.## ##
##....∩.∩.#≈≈≈≈##. .##
##...∩.∩..#≈≈≈≈#..#..#
##..∩.∩..@#≈≈####...# #
##.⌠.∩...M#≈##.###†## .##
##..∩.∩...#≈#..###.##B..#
##...∩.∩..'≈'##.'.<.+#
##....∩.∩.#≈#.†###.##$B.#
#▓▓▓▓▓▓▓###≈##.# #'## .##
##%aD######≈≈### #.†## #
#!aa#H ##≈≈≈ ##..#
#∩P)+.$ +#≈# #.##


You could see an ice dragon, 3 soldier ants and Menkaure.

Vanquished Creatures
  4 necrophages (D)
  4 worker ants (D)
  2 worms (D)
10 creatures vanquished.

Vanquished Creatures (others)
  A crocodile (D)
1 creature vanquished.

Grand Total: 11 creatures vanquished

Notes
Turn   | Place    | Note
--------------------------------------------------------------
     0 | D        | Kagutsuchi the Draconian Berserker began the quest for the Orb.
     0 | D        | Reached XP level 1. HP: 19/19 MP: 1/1
     1 | D        | Noticed a necrophage
     1 | D        | Noticed a necrophage
     1 | D        | Noticed a necrophage
     1 | D        | Noticed a necrophage
     6 | D        | Killed a necrophage
     6 | D        | Reached skill level 5 in Long Blades
     6 | D        | Reached skill level 5 in Dodging
     6 | D        | Reached XP level 2. HP: 30/30 MP: 2/2
     6 | D        | Reached XP level 3. HP: 37/37 MP: 3/3
     6 | D        | Reached XP level 4. HP: 44/44 MP: 4/4
    11 | D        | Killed a necrophage
    11 | D        | Reached XP level 5. HP: 53/53 MP: 5/5
    14 | D        | Killed a necrophage
    19 | D        | Killed a necrophage
    19 | D        | Reached XP level 6. HP: 63/63 MP: 6/6
    27 | D        | Noticed a boulder beetle
    27 | D        | Noticed a boulder beetle
    65 | D        | Reached ** piety under Trog
    84 | D        | Reached *** piety under Trog
    90 | D        | Found Nacur's Antique Weapon Shoppe.
    90 | D        | Found Caneumuk's Food Shoppe.
    90 | D        | Found Poamirch's Assorted Antiques.
    90 | D        | Found Qiaxusaf's Distillery.
    90 | D        | Found Uregroi's Jewellery Shoppe.
    90 | D        | Found Ampyonul's Gadget Emporium.
    91 | D        | Found Yfy Omet's Antique Armour Emporium.
    91 | D        | Found Ohoess's Antique Armour Shoppe.
    91 | D        | Found Ytros's Jewellery Emporium.
    91 | D        | Found Nuyrus's Antique Weapon Shoppe.
    91 | D        | Found Weojadel's Weapon Emporium.
    92 | D        | Found Yxtiolao's Distillery.
    92 | D        | Found Innasena's Magic Scroll Emporium.
    92 | D        | Noticed a soldier ant
    93 | D        | Found Igofegh's Book Shoppe.
    93 | D        | Found Ydah's Weapon Emporium.
    93 | D        | Noticed a soldier ant
    94 | D        | Noticed Menkaure
    94 | D        | Noticed a soldier ant
    94 | D        | Noticed an oklob plant
    95 | D        | Found Ciomuj's Book Shoppe.
    96 | D        | Noticed an ice dragon
    99 | D        | Noticed a hippogriff
    99 | D        | Noticed a hippogriff
   102 | D        | Bought a potion of curing for 42 gold pieces
   102 | D        | Bought a potion of heal wounds for 70 gold pieces
   108 | D        | Bought a potion of resistance for 130 gold pieces
   108 | D        | Bought a potion of curing for 39 gold pieces
   108 | D        | Bought a potion of curing for 39 gold pieces
   108 | D        | Bought 2 potions of curing for 78 gold pieces
   108 | D        | Bought 2 potions of mutation for 65 gold pieces
   108 | D        | Gained mutation: Scrolls take you a little longer to read. [potion of mutation]
   108 | D        | Gained mutation: You have a pair of small horns on your head. [potion of mutation]
   108 | D        | Gained mutation: You are dopey. (Int -2) [potion of mutation]
   114 | D        | Demolished by Menkaure

Skill      XL: |  1  2  3  4  5  6 |
---------------+-------------------+-----
Fighting       | 6 7 9 |  9.7
Long Blades    | 5 7 8 9 |  9.0
Dodging        | 5 6 7 8 |  8.1

Action                   |  1- 3 |  4- 6 || total
-------------------------+-------+-------++-------
Melee: Falchion          |     4 |    51 ||    55
       Tailslap          |     1 |     8 ||     9
Invok: Berserk           |     1 |       ||     1
  Use: Potion            |       |     3 ||     3
Armor: Skin              |     1 |     4 ||     5
Dodge: Dodged            |     1 |    32 ||    33
